 Dungeon Crawl Stone Soup version 0.32-a0-818-gb728d0252e (console) character file.

Game seed: 14107392734888881153

352 jejorda2 the Poker (level 6, -1/53 HPs)
             Began as a Gnoll Berserker on Mar 24, 2024.
             Was a Follower of Trog.
             Slain by an ogre
             ... wielding a +0 giant club
              (6 damage)
             ... on level 4 of the Dungeon.
             The game lasted 00:05:38 (2218 turns).

jejorda2 the Poker (Gnoll Berserker)                Turns: 2218, Time: 00:05:39

Health: -1/53      AC: 13    Str: 18    XL:     6   Next: 62%
Magic:  9/9        EV:  6    Int:  7    God:    Trog [*.....]
Gold:   118        SH:  0    Dex: 11    Spells: 9/9 levels left

rFire   . . .        b - +0 scythe
rCold   . . .        (shield currently unavailable)
rNeg    . . .        h - +0 plate armour
rPois   .            (no helmet)
rElec   .            s - +0 cloak
rCorr   .            (no gloves)
SInv    .            (no boots)
Will    .....        (no amulet) Stlth
                     (no ring)
HPRegen 0.28/turn    (no ring)
MPRegen 0.11/turn

%: no passive effects
@: silenced (expiring)
A: fangs 1, strong nose, distributed training
a: Renounce Religion


You were on level 4 of the Dungeon.
You worshipped Trog.
Trog was aware of your devotion.
You visited 1 branch of the dungeon, and saw 4 of its levels.

You collected 146 gold pieces.
You spent 28 gold pieces at shops.

Inventory:

Hand Weapons
 a - a +0 spear
 b - a +0 scythe (weapon)
Missiles
 i - a throwing net (quivered)
 j - 2 boomerangs
 u - 3 silver javelins
Armour
 h - a +0 plate armour (worn)
 s - a +0 cloak (worn)
Wands
 o - a wand of flame (33)
 v - a wand of mindburst (20)
Scrolls
 d - 4 scrolls of poison {unknown}
 e - 2 scrolls of enchant armour {unknown}
 f - 3 scrolls of teleportation {unknown}
 x - a scroll of brand weapon {unknown}
Potions
 c - a potion of resistance
 l - 2 potions of curing
 p - a potion of lignification {unknown}
 q - a potion of invisibility {unknown}
 r - a potion of degeneration {unknown}
 z - 2 potions of heal wounds {unknown}


   Skills:
 + Level 6.9 Fighting
 + Level 2.1 Short Blades
 + Level 2.1 Long Blades
 + Level 2.1 Axes
 + Level 2.1 Maces & Flails
 + Level 6.9 Polearms
 + Level 2.1 Staves
 + Level 2.1 Ranged Weapons
 + Level 2.1 Throwing
 + Level 5.0 Armour
 + Level 5.0 Dodging
 + Level 2.1 Stealth
 + Level 2.1 Shields
 + Level 2.1 Unarmed Combat
 + Level 2.1 Spellcasting
 + Level 1.7 Conjurations
 + Level 1.7 Hexes
 + Level 1.7 Summonings
 + Level 1.7 Necromancy
 + Level 1.7 Translocations
 + Level 1.7 Fire Magic
 + Level 1.7 Ice Magic
 + Level 1.7 Air Magic
 + Level 1.7 Earth Magic
 + Level 1.7 Alchemy
 + Level 2.3 Invocations
 + Level 2.1 Evocations
 + Level 1.9 Shapeshifting


You had 9 spell levels left.
You didn't know any spells.
Your spell library was empty.

Dungeon Overview and Level Annotations

Branches:
Dungeon (4/15)
 Temple: D:4-7

Altars:
Sif Muna

Shops:
D:2 ?=   D:3 (   D:4 [


Innate Abilities, Weirdness & Mutations

You have very sharp teeth.
Your uncanny sense of smell can sniff out nearby items.
Your experience applies equally to all skills.


Message History

There is an entrance to a sewer on this level.
Hurry and find it before the portal rusts away!
Found Fyihopt's Armour Shoppe.
There is a stone staircase leading up here.
Okay, then.
There is an entrance to Fyihopt's Armour Shoppe here.
You can access your shopping list by pressing '$'.
Blink to where?
Press: ? - help, Dir - move target
As you read the scroll labelled JIDAYDD ICKIUTT, it crumbles to dust.
It was a scroll of blinking.
As you read the scroll labelled REWKOK ASUSHY, it crumbles to dust.
It is a scroll of amnesia.
You feel forgetful for a moment.
As you read the scroll labelled JESKUH OCHEHE, it crumbles to dust.
You assume a fearsome visage.
Nothing appears to happen.
It was a scroll of fear.
As you read the scroll labelled KAHYSY ZISHREY, it crumbles to dust.
A profound silence engulfs you.
It was a scroll of silence.
Magic scrolls do not work when you're silenced!
You enter the shallow water.
Moving in this stuff is going to be slow.
An ogre comes into view. It is wielding a +0 giant club.
You hit the ogre.
The ogre is lightly wounded.
The ogre barely misses you.
A ball python comes into view.
You hit the ogre.
The ogre is moderately wounded.
A ribbon worm comes into view.
You puncture the ogre!
The ogre is severely wounded.
The ogre hits you with a +0 giant club!!
You barely miss the ogre.
The ogre is severely wounded.
The ogre hits you with a +0 giant club!!
* * * LOW HITPOINT WARNING * * *
You barely miss the ogre.
The ogre is severely wounded.
The ogre hits you with a +0 giant club.
You die...

##### ....# ....#
....###################
........~~~~#.........##
........~≈≈~#...........
........~≈≈~~...@.......
#.......~~≈≈~####OS.....
.........~≈≈~~# .......
..######.~~≈≈~# .......
..... ...#~≈≈~# ....##~
..######.#~≈≈~~ .w..#
...... #.#~~≈≈~# ....~
..## ∆ ##~≈≈~# ....~~
..#


You could see an ogre, a ribbon worm and a ball python.

Vanquished Creatures
  Sigmund (D:2)
  Crazy Yiuf (D:3)
  Terence (D:2)
  Natasha (thrice) (D:2)
  3 gnolls (D:3)
  2 adders
  2 orcs
  4 ball pythons
  2 endoplasms (D:1)
  A goblin (D:2)
  2 hobgoblins
  A quokka (D:1)
  4 frilled lizards
  3 kobolds (D:1)
  A rat (D:2)
31 creatures vanquished.

Notes
Turn   | Place    | Note
-------+----------+-------------------------------------------
     0 | D:1      | jejorda2 the Gnoll Berserker began the quest for the Orb.
     0 | D:1      | Reached XP level 1. HP: 23/23 MP: 1/1
   266 | D:1      | Reached XP level 2. HP: 29/29 MP: 2/2
   786 | D:2      | Noticed Natasha
   786 | D:2      | Found Baagh's Magic Scroll Emporium.
   792 | D:2      | Killed Natasha
   793 | D:2      | Reached skill level 1 in Invocations
   793 | D:2      | Reached XP level 3. HP: 35/35 MP: 2/4
   844 | D:2      | Noticed Natasha
   856 | D:2      | Killed Natasha
   857 | D:2      | Reached skill level 1 in Short Blades
   857 | D:2      | Reached skill level 1 in Long Blades
   857 | D:2      | Reached skill level 1 in Axes
   857 | D:2      | Reached skill level 1 in Maces & Flails
   857 | D:2      | Reached skill level 1 in Staves
   857 | D:2      | Reached skill level 1 in Ranged Weapons
   857 | D:2      | Reached skill level 1 in Throwing
   857 | D:2      | Reached skill level 1 in Stealth
   857 | D:2      | Reached skill level 1 in Shields
   857 | D:2      | Reached skill level 1 in Unarmed Combat
   857 | D:2      | Reached skill level 1 in Spellcasting
   857 | D:2      | Reached skill level 1 in Evocations
   857 | D:2      | Reached skill level 1 in Shapeshifting
   857 | D:2      | Reached XP level 4. HP: 34/41 MP: 5/5
   894 | D:2      | Noticed Sigmund
   910 | D:2      | Killed Sigmund
   911 | D:2      | Reached skill level 1 in Conjurations
   911 | D:2      | Reached skill level 1 in Hexes
   911 | D:2      | Reached skill level 1 in Summonings
   911 | D:2      | Reached skill level 1 in Necromancy
   911 | D:2      | Reached skill level 1 in Translocations
   911 | D:2      | Reached skill level 1 in Fire Magic
   911 | D:2      | Reached skill level 1 in Ice Magic
   911 | D:2      | Reached skill level 1 in Air Magic
   911 | D:2      | Reached skill level 1 in Earth Magic
   911 | D:2      | Reached skill level 1 in Alchemy
   911 | D:2      | Reached XP level 5. HP: 47/47 MP: 5/7
   955 | D:2      | Bought a scroll of identify for 28 gold pieces
  1055 | D:2      | Reached XP level 6. HP: 52/53 MP: 8/8
  1074 | D:2      | Noticed Natasha
  1082 | D:2      | Killed Natasha
  1159 | D:2      | Noticed Terence
  1166 | D:2      | Killed Terence
  1167 | D:2      | Reached skill level 5 in Armour
  1167 | D:2      | Reached skill level 5 in Dodging
  1223 | D:2      | Found Xiricy's Jewellery Shop.
  1270 | D:2      | Found a faded altar of an unknown god.
  1387 | D:3      | Found Pudwedwe's Antique Weapon Emporium.
  1830 | D:3      | Found a runed translucent door.
  1831 | D:3      | Noticed Crazy Yiuf
  2018 | D:3      | Found a shimmering blue altar of Sif Muna.
  2094 | D:3      | Killed Crazy Yiuf
  2183 | D:4      | Found Fyihopt's Armour Shoppe.
  2218 | D:4      | Slain by an ogre

Illustrated notes

Levels and vault maps discovered:
D:1:      lordsloth_arrival_two_stooges, layout_basic
D:2:      layout_rooms, serial_shops, shop, shop,
          shapermc_ecumenical_altar_flowoftime, uniq_terence, uniq_sigmund,
          uniq_natasha
D:3:      layout_loops_ring, nicolae_sif_muna_little_library, serial_shops,
          shop, uniq_crazy_yiuf_cottage
D:4:      wander_river, layout_basic, mainiacjoe_overflow_alcove_1,
          minmay_temple_entry_gardened_gates, cheibrodos_sewer_entry_sluice,
          serial_shops, nicolae_shop_competitors_out_of_business, shop, shop,
          grunt_ministairs_7, dreamdust_princess_corridor

Skill      XL: |  1  2  3  4  5  6 |
---------------+-------------------+-----
Invocations    | 1 2 |  2.3
Short Blades   | 1 2 |  2.1
Long Blades    | 1 2 |  2.1
Axes           | 1 2 |  2.1
Maces & Flails | 1 2 |  2.1
Staves         | 1 2 |  2.1
Ranged Weapons | 1 2 |  2.1
Throwing       | 1 2 |  2.1
Stealth        | 1 2 |  2.1
Shields        | 1 2 |  2.1
Unarmed Combat | 1 2 |  2.1
Spellcasting   | 1 2 |  2.1
Evocations     | 1 2 |  2.1
Shapeshifting  | 1 |  1.9
Conjurations   | 1 |  1.7
Hexes          | 1 |  1.7
Summonings     | 1 |  1.7
Necromancy     | 1 |  1.7
Translocations | 1 |  1.7
Fire Magic     | 1 |  1.7
Ice Magic      | 1 |  1.7
Air Magic      | 1 |  1.7
Earth Magic    | 1 |  1.7
Alchemy        | 1 |  1.7
Armour         | 5 |  5.0
Dodging        | 5 |  5.0
Fighting       | |  6.9
Polearms       | |  6.9

Action                     |  1- 3 |  4- 6 || total
---------------------------+-------+-------++-------
  Melee: Spear             |    47 |     6 ||    53
         Bite              |     2 |     7 ||     9
         Halberd           |       |    81 ||    81
 Invoke: Berserk           |     1 |     3 ||     4
    Use: Scroll            |       |     7 ||     7
   Stab: Sleeping          |     1 |       ||     1
 Armour: Animal skin       |     8 |       ||     8
         Plate armour      |     5 |    46 ||    51
  Dodge: Dodged            |    10 |    35 ||    45

Table legend: (Time is in decaauts)
 A = Elapsed time spent in this place.
 B = Non-inter-level travel time spent in this place.
 C = Inter-level travel time spent in this place.
 D = Time resting spent in this place.
 E = Time spent auto-exploring this place.
 F = Levels seen in this place.
 G = Mean time per level.
                   A        B        C        D        E       F      G
               +--------+--------+--------+--------+--------+-----+--------+
         Total |   2261 |   2082 |    179 |    136 |   1577 |   4 |  565.2 |
       Dungeon |   2261 |   2082 |    179 |    136 |   1577 |   4 |  565.2 |
               +--------+--------+--------+--------+--------+-----+--------+

Top non-repeatable levels by time:
     D:1: 870 daAuts
     D:3: 816 daAuts
     D:2: 537 daAuts
     D:4: 38 daAuts
